 Dungeon Crawl Stone Soup version 0.31-a0-150-g89dc3ad700 (webtiles) character file.

Game seed: 1764799651214202373

35 qw the Shooter (level 3, -9/21 HPs)
             Began as a Gargoyle Hunter on June 8, 2023.
             Killed from afar by Natasha (11 damage)
             ... with a magic dart
             ... on level 2 of the Dungeon.
             The game lasted 00:00:24 (916 turns).

qw the Shooter (Gargoyle Hunter)                     Turns: 916, Time: 00:00:25

Health: -9/21      AC:  8    Str: 14    XL:     3   Next: 33%
Magic:  0/3        EV: 10    Int:  9    God:
Gold:   82         SH:  0    Dex: 15    Spells: 2/2 levels left

rFire   . . .        Y - +0 shortbow
rCold   . . .        (shield currently unavailable)
rNeg    + . .        h - +0 ring mail
rPois   inf          (no helmet)
rElec   +            (no cloak)
rCorr   .            (no gloves)
SInv    .            (no boots)
Will    .....        f - amulet of guardian spirit
Stlth   +            (no ring)
HPRegen 0.23/turn    (no ring)
MPRegen 0.08/turn

%: guardian spirit
@: slowed, very slow
A: sickness immunity, AC +3, negative energy resistance 1, electricity
resistance, torment resistance 1, petrification resistance
a: no special abilities


You were on level 2 of the Dungeon.
You visited 1 branch of the dungeon, and saw 2 of its levels.

You collected 82 gold pieces.


Innate Abilities, Weirdness & Mutations

You are immune to sickness and miasma.
Your stone body is resilient. (AC +3)
You are immune to poison.
You resist negative energy. (rN+)
You are resistant to electric shocks. (rElec)
You are resistant to unholy torment.
You are immune to petrification.


   Skills:
 - Level 2.2 Fighting
 - Level 5.0 Ranged Weapons
 + Level 0.5 Armour
 - Level 1.5 Dodging
 - Level 1.1 Stealth


You had 2 spell levels left.
You didn't know any spells.
Your spell library was empty.

Inventory:

Hand Weapons
 Y - a +0 shortbow (weapon)
Armour
 h - a +0 ring mail (worn)
Jewellery
 f - an amulet of guardian spirit (around neck)
Scrolls
 a - a scroll of fog {unknown}
 b - a scroll of magic mapping {unknown}
Potions
 e - a potion of invisibility {unknown}
 i - a potion of curing
 j - a potion of heal wounds {unknown}

Dungeon Overview and Level Annotations

Branches:
Dungeon (2/15)

Altars:

Annotations:
D:2 Natasha


Message History

Natasha closely misses you. The cerulean imp barely misses you.
You shoot an arrow.
The arrow closely misses the cerulean imp.
The cerulean imp hits you but does no damage.
Natasha claws you. x2
The cerulean imp hits you but does no damage.
You shoot an arrow.
The arrow closely misses the cerulean imp.
Natasha closely misses you.
The cerulean imp hits you but does no damage.
Natasha barely misses you.
The cerulean imp hits you with a +2 spear.
You shoot an arrow. The arrow hits the cerulean imp.
The cerulean imp is severely wounded.
Natasha claws you.
The cerulean imp hits you with a +2 spear.
The cerulean imp hits you but does no damage.
Natasha claws you.
You shoot an arrow. The arrow hits the cerulean imp.
The cerulean imp is almost dead.
Natasha claws you but does no damage.
The cerulean imp hits you but does no damage.
Natasha closely misses you.
The cerulean imp hits you but does no damage.
You shoot an arrow. The arrow hits the cerulean imp.
You kill the cerulean imp!
The cerulean imp disappears in a puff of smoke!
Natasha closely misses you. Natasha barely misses you.
You shoot an arrow. The arrow barely misses Natasha.
Natasha claws you but does no damage. Natasha casts a spell at you.
The magic dart hits you.
You shoot an arrow.
The arrow hits Natasha but does no damage.
Natasha claws you. Natasha misses you.
You shoot an arrow. The arrow closely misses Natasha.
Natasha stares at you and mumbles some strange words.
The magic dart hits you!
Ouch! That really hurt!
You die...

#### #....
#.....######
#.....h@...#
#.....####.#
######### #.... #.#
#.......# ###.
####.####.#####.# #
#.........#####.#
.>..............##.#
####.##.###..##.##.#
#. #.# #..##.##.# #
#.###........#


You could see Natasha.

Vanquished Creatures
  A dart slug (D:1)
  3 ball pythons
  3 bats
  2 endoplasms (D:1)
  A hobgoblin (D:1)
  2 jackals (D:1)
  4 quokkas
  2 frilled lizards
  2 giant cockroaches (D:1)
  A goblin (D:1)
  4 kobolds (D:1)
  7 rats
32 creatures vanquished.

Notes
Turn   | Place    | Note
-------+----------+-------------------------------------------
     0 | D:1      | qw the Gargoyle Hunter began the quest for the Orb.
     0 | D:1      | Reached XP level 1. HP: 12/12 MP: 1/1
     0 | D:1      | 0 ||| qw: Version: 0.2-a-119-g7aa9181
     0 | D:1      | 0 ||| qw: Game counter: 2790
     0 | D:1      | 0 ||| qw: Always use a shield: true
     0 | D:1      | 0 ||| qw: God list: Okawaru
     0 | D:1      | 0 ||| qw: Allow faded altars: false
     0 | D:1      | 0 ||| qw: Do Orc after D:15 true
     0 | D:1      | 0 ||| qw: Do second Lair branch before Depths: true
     0 | D:1      | 0 ||| qw: Lair rune preference: random
     0 | D:1      | 0 ||| qw: Plans: Normal
     0 | D:1      | 0 ||| PLANNING D:1-11
   135 | D:1      | Reached XP level 2. HP: 17/17 MP: 2/2
   440 | D:1      | Reached XP level 3. HP: 21/21 MP: 3/3
   462 | D:1      | Reached skill level 5 in Ranged Weapons
   718 | D:1      | 718 ||| UPGRADING to +0 ring mail.
   728 | D:1      | 728 ||| DROPPING +0 leather armour.
   729 | D:1      | 729 ||| UPGRADING to amulet of guardian spirit.
   734 | D:1      | 734 ||| READING scroll labelled ASHRUI CYEDEI.
   735 | D:1      | 735 ||| READING scroll labelled QOPODGHUERGHI.
   736 | D:1      | 736 ||| READING scroll labelled IFE JARE FIVOL.
   741 | D:1      | 741 ||| DRINKING 2 grey potions.
   742 | D:1      | 742 ||| DROPPING scroll of butterflies.
   902 | D:2      | Noticed Natasha
   911 | D:2      | HP: 5/21 [Natasha (1)]
   915 | D:2      | HP: 2/21 [Natasha (4)]
   916 | D:2      | Killed from afar by Natasha

Levels and vault maps discovered:
D:1:      nzn_arrival_depleted_hourglass, layout_loops_ring
D:2:      layout_loops_ring, uniq_natasha

Skill      XL: |  1  2  3 |
---------------+----------+-----
Ranged Weapons | 5 |  5.0
Fighting       | |  2.2
Armour         | |  0.5
Dodging        | |  1.5
Stealth        | |  1.1

Action                     || total
---------------------------++-------
   Fire: Shortbow          ||   105
    Use: Scroll            ||     3
         Potion            ||     1
 Armour: Leather armour    ||    12
         Ring mail         ||    13
  Dodge: Dodged            ||    25

Table legend:
 A = Non-vault XP
 B = Vault XP
 C = Vault XP percentage of total XP
 D = Non-vault monster count
 E = Vault monster count
 F = Vault count percentage of total count
                 A         B        C        D         E       F
            +---------+---------+-------+---------+---------+-------
      Total |      50 |       0 |   0.0 |      32 |       0 |   0.0
            +---------+---------+-------+---------+---------+-------
        D:1 |      43 |       0 |   0.0 |      27 |       0 |   0.0
        D:2 |       7 |       0 |   0.0 |       5 |       0 |   0.0
            +---------+---------+-------+---------+---------+-------
